 Dungeon Crawl Stone Soup version 0.22-a0-410-g97be04f (webtiles) character file.

19798 theanonym the Thaumaturge (level 12, -6/95 HPs)
             Began as a Mummy Air Elementalist on May 11, 2018.
             Was an Elder of Vehumet.
             Mangled by a brown ugly thing (12 damage)
             ... on level 11 of the Dungeon.
             The game lasted 01:10:56 (25141 turns).

theanonym the Thaumaturge (Mummy Air Elementalist) Turns: 25141, Time: 01:10:57

Health: -6/95      AC:  8    Str: 11    XL:     12   Next: 39%
Magic:  4/28       EV: 12    Int: 22    God:    Vehumet [****..]
Gold:   1187       SH:  5    Dex: 14    Spells: 18/35 levels left

rFire    . . .     SeeInvis .   a - +3 dagger (venom)
rCold    + + .     Gourm    .   e - +0 buckler
rNeg     + + +     Faith    .   c - +2 robe {rC+ rF+}
rPois    ∞         Spirit   .   g - +1 helmet
rElec    .         Reflect  .   h - +0 cloak
rCorr    +         Harm     .   (no gloves)
MR       +....                  b - +0 pair of boots
Stlth    ++........             (no amulet)
HPRegen  0.25/turn              m - ring of resist corrosion
MPRegen  0.21/turn              p - +4 ring of intelligence

@: no status effects
A: no food or potions, fire vulnerability, cold resistance 1, negative energy
resistance 3, torment resistance, unbreathing
a: Renounce Religion


Innate Abilities, Weirdness & Mutations

You do not eat or drink.
Your flesh is vulnerable to fire.
You are immune to poison.
Your flesh is cold resistant. (rC+)
You are immune to negative energy. (rN+++)
You are immune to unholy pain and torment.
You can survive without breathing.


   Skills:
 + Level 9.3 Fighting
 - Level 1.5 Dodging
 - Level 1.5 Stealth
 - Level 4.0 Shields
 - Level 12.0 Spellcasting
 + Level 8.2 Conjurations
 - Level 10.0 Air Magic


You had 18 spell levels left.
You knew the following spells:

 Your Spells              Type           Power        Failure   Level  Hunger
a - Shock                 Conj/Air       ####         1%          1    N/A
b - Static Discharge      Conj/Air       ######..     1%          3    N/A
c - Lightning Bolt        Conj/Air       ######....   1%          5    N/A
d - Animate Skeleton      Necr           N/A          4%          1    N/A
e - Airstrike             Air            ######....   1%          4    N/A
q - Apportation           Tloc           ##....       4%          1    N/A
s - Swiftness             Chrm/Air       #####...     1%          2    N/A

Skill      XL: |  1  2  3  4  5  6  7  8  9 10 11 12 |
---------------+-------------------------------------+-----
Conjurations   | 1 2 3 5 7 8 |  8.2
Spellcasting   | 3 4 5 7 9 11 12 | 12.0
Air Magic      | 3 4 5 7 8 9 10 | 10.0
Shields        | 1 4 |  4.0
Fighting       | 5 8 9 |  9.3
Dodging        | |  1.5
Stealth        | |  1.5

Action                   |  1- 3 |  4- 6 |  7- 9 | 10-12 || total
-------------------------+-------+-------+-------+-------++-------
Melee: Dagger            |    27 |    13 |    45 |   194 ||   279
 Cast: Shock             |    96 |   137 |   148 |    87 ||   468
       Static Discharge  |       |    11 |    10 |    21 ||    42
       Swiftness         |       |     1 |     1 |     2 ||     4
       Airstrike         |       |       |    80 |   235 ||   315
       Lightning Bolt    |       |       |     2 |    96 ||    98
       Animate Skeleton  |       |       |     2 |    14 ||    16
Evoke: Wand              |       |       |       |    14 ||    14
  Use: Scroll            |     1 |     6 |    10 |     7 ||    24
 Stab: Sleeping          |       |       |     1 |     1 ||     2
       Distracted        |       |       |       |     1 ||     1
Armor: Robe              |     8 |    11 |    28 |    90 ||   137
Dodge: Dodged            |    30 |    40 |    69 |   177 ||   316
Block: Buckler           |     5 |       |    18 |    69 ||    92

Inventory:

Hand Weapons
 a - a +3 dagger of venom (weapon)
   (You took it off an orc on level 4 of the Dungeon)
Armour
 b - a +0 pair of boots (worn)
   (You found it on level 1 of the Dungeon)
 c - a +2 robe of resistance (worn)
   (You took it off a crimson imp on level 7 of the Dungeon)
 e - a +0 buckler (worn)
   (You found it on level 1 of the Dungeon)
 g - a +1 helmet (worn)
   (You found it on level 2 of the Dungeon)
 h - a +0 cloak (worn)
   (You took it off Crazy Yiuf on level 6 of the Dungeon)
Jewellery
 i - an uncursed ring of flight
   (You found it on level 1 of the Dungeon)
 m - a ring of resist corrosion (left hand)
   (You found it on level 10 of the Dungeon)
 o - a +3 ring of slaying
   (You found it on level 7 of the Dungeon)
 p - a +4 ring of intelligence (right hand)
   (You found it on level 2 of the Dungeon)
Wands
 d - a wand of digging (23)
   (You found it on level 4 of the Dungeon)
 s - a wand of iceblast (17)
   (You found it on level 9 of the Dungeon)
Scrolls
 f - 2 scrolls of fog
 j - a scroll of amnesia
 l - a scroll of enchant armour
 n - 2 scrolls of remove curse
 r - 2 scrolls of identify
 t - a scroll of immolation
 y - a scroll of magic mapping


You were on level 11 of the Dungeon.
You worshipped Vehumet.
Vehumet was greatly pleased with you.
You were not hungry.

You visited 3 branches of the dungeon, and saw 15 of its levels.

You collected 1187 gold pieces.

Dungeon Overview and Level Annotations

Branches:
Dungeon (12/15)            Temple (1/1) D:5             Orc (2/2) D:10
   Lair: D:8-11         Elf: Orc:2

Altars:
Cheibriados
Elyvilon
Fedhas
Gozag
Hepliaklqana
Makhleb
Nemelex Xobeh
Qazlal
Ru
Sif Muna
Trog
Uskayaw
Vehumet
Wu Jian
Xom
Yredelemnul
Zin
The Shining One

Shops:
D:5 [   D:8 *   D:11 * Orc:1

} .# #......≈≈≈≈≈.≈.≈≈.......##.#
.# #.....≈...≈≈.≈.≈...........#
.#####...........)...........####
.'.......................##### #
.##.......#####.##......##
.##.......# #.##......#
.##.......# #.##......#
.##.......# #.##E.....#########
.##.......# #.@u.....)'...[....
###.......# ####......#########
#.......# #......# ### #.......#
######## #.. #.# #.# #.# #.# #.#


You could see a brown ugly thing and an earth elemental.

Notes
Turn   | Place    | Note
-------+----------+-------------------------------------------
     0 | D:1      | theanonym the Mummy Air Elementalist began the quest for the Orb.
     0 | D:1      | Reached XP level 1. HP: 13/13 MP: 4/4
   143 | D:1      | Reached skill level 1 in Conjurations
   548 | D:1      | Reached XP level 2. HP: 17/19 MP: 0/5
   602 | D:1      | Learned a level 2 spell: Swiftness
  1034 | D:1      | Reached skill level 3 in Spellcasting
  1566 | D:2      | Reached XP level 3. HP: 15/24 MP: 1/7
  1674 | D:2      | Learned a level 3 spell: Static Discharge
  2140 | D:2      | Found a burning altar of Makhleb.
  2199 | D:3      | Reached skill level 3 in Air Magic
  2625 | D:3      | Reached skill level 2 in Conjurations
  2647 | D:3      | Reached XP level 4. HP: 30/30 MP: 0/9
  3072 | D:3      | Reached XP level 5. HP: 25/35 MP: 6/10
  3162 | D:3      | Learned a level 4 spell: Airstrike
  3405 | D:3      | Found a faded altar of an unknown god.
  3790 | D:4      | Noticed Venturno's ghost (amateur DrTm)
  4123 | D:4      | Reached skill level 4 in Spellcasting
  4123 | D:4      | Reached skill level 3 in Conjurations
  4400 | D:5      | Entered Level 5 of the Dungeon
  4433 | D:5      | Found a blossoming altar of Fedhas.
  4448 | D:5      | HP: 15/35 [howler monkey (3)]
  4453 | D:4      | Reached skill level 4 in Air Magic
  4453 | D:4      | Reached XP level 6. HP: 11/41 MP: 0/12
  4971 | D:4      | HP: 19/41 [/static electricity (3)]
  4985 | D:4      | HP: 14/41 [something/magic dart (7)]
  5609 | D:5      | Noticed wazuzu's ghost (novice GnIE)
  5662 | D:5      | Noticed a sky beast
  5774 | D:6      | Found an opulent altar of Gozag.
  5774 | D:6      | Found a shimmering altar of Xom.
  5775 | D:6      | Found a stormy altar of Qazlal.
  5776 | D:6      | Found a sacrificial altar of Ru.
  5776 | D:6      | Found a hazy altar of Hepliaklqana.
  5776 | D:6      | Found a hide-covered altar of Uskayaw.
  5866 | D:6      | Reached XP level 7. HP: 46/46 MP: 9/14
  5932 | D:6      | Found a runed door.
  6075 | D:6      | Reached skill level 4 in Conjurations
  6110 | D:6      | Learned a level 5 spell: Lightning Bolt
  6572 | D:6      | Reached skill level 5 in Spellcasting
  6572 | D:6      | Reached skill level 5 in Air Magic
  6979 | D:5      | Killed wazuzu's ghost
  6979 | D:5      | Reached skill level 5 in Conjurations
  6979 | D:5      | Reached XP level 8. HP: 50/52 MP: 1/16
  7109 | D:5      | HP: 18/52 [something (9)]
  7579 | D:5      | Reached skill level 6 in Spellcasting
  7626 | D:5      | Found Liskaill's Armour Emporium.
  7668 | D:5      | Reached skill level 6 in Air Magic
  8143 | D:5      | HP: 11/52 [orc warrior/dire flail (22)]
  8566 | D:5      | Found a snail-covered altar of Cheibriados.
  8665 | D:5      | Found a staircase to the Ecumenical Temple.
  8674 | Temple   | Entered the Ecumenical Temple
  8683 | Temple   | Became a worshipper of Vehumet
  8792 | D:4      | Killed Venturno's ghost
  8792 | D:4      | Reached skill level 1 in Shields
  8792 | D:4      | Reached skill level 7 in Spellcasting
  8792 | D:4      | Reached skill level 7 in Air Magic
  9097 | D:6      | Reached XP level 9. HP: 57/57 MP: 10/19
  9844 | D:6      | Noticed Crazy Yiuf
  9846 | D:6      | Killed Crazy Yiuf
  9975 | D:7      | Reached skill level 2 in Shields
 10160 | D:7      | Learned a level 1 spell: Apportation
 10162 | D:7      | Learned a level 1 spell: Animate Skeleton
 10470 | D:7      | Noticed a cyan ugly thing
 10493 | D:7      | HP: 25/57 [iguana (11)]
 10688 | D:7      | HP: 21/57 [slime creature (21)]
 10695 | D:7      | HP: 8/57 [slime creature (14)]
 11269 | D:7      | Noticed Menkaure
 11518 | D:7      | Reached skill level 3 in Shields
 11698 | D:7      | Reached skill level 8 in Spellcasting
 11960 | D:7      | Killed Menkaure
 12050 | D:7      | Reached skill level 4 in Shields
 12327 | D:8      | Reached skill level 8 in Air Magic
 12439 | D:8      | Reached * piety under Vehumet
 12439 | D:8      | Offered knowledge of Magic Dart by Vehumet.
 12497 | D:8      | Found Jopaple's General Store.
 12517 | D:8      | Reached skill level 9 in Spellcasting
 12847 | D:8      | Reached XP level 10. HP: 63/63 MP: 13/23
 13036 | D:9      | Reached skill level 1 in Fighting
 13221 | D:8      | HP: 24/65 [something (10)]
 13553 | D:9      | Reached skill level 2 in Fighting
 13639 | D:9      | Noticed an eight-headed hydra
 13818 | D:9      | Reached skill level 10 in Spellcasting
 14061 | D:9      | Reached skill level 3 in Fighting
 14554 | D:9      | Reached skill level 4 in Fighting
 14709 | D:9      | Reached ** piety under Vehumet
 15022 | D:9      | Offered knowledge of Throw Flame by Vehumet.
 15370 | D:9      | Killed an eight-headed hydra
 15370 | D:9      | Reached skill level 5 in Fighting
 15370 | D:9      | Reached skill level 11 in Spellcasting
 15972 | D:10     | Entered Level 10 of the Dungeon
 16784 | D:10     | Reached XP level 11. HP: 64/81 MP: 18/26
 16896 | D:10     | Offered knowledge of Searing Ray by Vehumet.
 17237 | D:10     | Reached skill level 6 in Fighting
 17480 | D:10     | Reached *** piety under Vehumet
 17633 | D:10     | Got a translucent broad axe {vamp}
 17634 | D:10     | Identified the cursed +2 broad axe of Capital Punishment {vamp, +Inv} (You took it off a centaur on level 10 of the Dungeon)
 18025 | D:10     | Offered knowledge of Iskenderun's Mystic Blast by Vehumet.
 18162 | D:10     | Found a staircase to the Orcish Mines.
 18429 | Orc:1    | Entered Level 1 of the Orcish Mines
 18429 | Orc:1    | Noticed an orc sorcerer
 18432 | Orc:1    | Killed an orc sorcerer
 18718 | Orc:1    | Reached skill level 6 in Conjurations
 18841 | D:10     | Reached skill level 12 in Spellcasting
 18841 | D:10     | HP: 41/83 [/static electricity (3)]
 19024 | Orc:1    | Reached **** piety under Vehumet
 19293 | Orc:1    | Found Wapt's Gadget Emporium.
 19399 | Orc:1    | Reached skill level 9 in Air Magic
 19622 | Orc:1    | Noticed an orc knight
 19639 | Orc:1    | Killed an orc knight
 19777 | D:10     | HP: 37/83 [orc warrior/mace[an orc knight] (9)]
 19783 | D:10     | HP: 36/83 [orc warrior/mace[an orc knight] (2)]
 19784 | D:10     | HP: 13/83 [orc warrior/mace[an orc knight] (23)]
 20295 | D:10     | Reached skill level 7 in Fighting
 20637 | Orc:2    | Entered Level 2 of the Orcish Mines
 20642 | Orc:2    | Offered knowledge of Irradiate by Vehumet.
 20942 | Orc:2    | Noticed a deep elf mage
 20943 | Orc:2    | Noticed a deep elf mage
 21213 | D:11     | Found Geubomour's Pet Rocks.
 21490 | D:11     | Killed an unseen horror
 21495 | D:11     | Noticed a two-headed ogre
 21507 | D:11     | Killed a two-headed ogre
 21507 | D:11     | Reached skill level 7 in Conjurations
 21714 | D:11     | Noticed a brown ugly thing
 21953 | D:11     | Reached skill level 8 in Fighting
 22207 | D:11     | Killed a brown ugly thing
 22207 | D:11     | Reached XP level 12. HP: 93/93 MP: 15/28
 22649 | D:11     | HP: 38/94 [something (12)]
 22655 | D:11     | HP: 28/94 [something (3)]
 22873 | D:11     | Noticed mortelune's ghost (journeyman DEFE)
 22880 | D:11     | Killed mortelune's ghost
 22880 | D:11     | Reached skill level 10 in Air Magic
 23655 | D:11     | HP: 40/94 [merfolk/trident (19)]
 23669 | D:12     | HP: 39/94 [ice beast (5)]
 23975 | D:12     | Reached skill level 9 in Fighting
 24251 | D:11     | Reached skill level 8 in Conjurations
 24855 | D:12     | Reached ***** piety under Vehumet
 24863 | D:12     | Noticed Psyche
 24891 | D:12     | Killed Psyche
 25123 | D:11     | HP: 44/95 [acid (4)]
 25132 | D:11     | HP: 23/95 [brown ugly thing (2)]
 25137 | D:11     | HP: 8/95 [brown ugly thing (13)]
 25141 | D:11     | Mangled by a brown ugly thing

Vanquished Creatures
  The ghost of mortelune the Arsonist, a journeyman DEFE of Ru (D:11)
  A hydra (D:9)
  A two-headed ogre (D:11)
  3 unseen horrors (D:11)
  An orc knight (Orc:1)
  An orc sorcerer (Orc:1)
  2 manticores (D:11)
  A cyclops (D:11)
  Psyche (D:12)
  The ghost of wazuzu the Chiller, a novice GnIE (D:5)
  A komodo dragon (D:10)
  A merfolk (D:12)
  3 trolls
  The ghost of Venturno the Ruffian, an amateur DrTm of Elyvilon (D:4)
  A tengu conjurer (D:9)
  A slime creature (D:7)
  A hornet (D:9)
  2 hippogriffs
  A wyvern (D:11)
  2 vampires
  A steam dragon (D:11)
  A hungry ghost (D:12)
  Menkaure (D:7)
  3 wargs
  A soldier ant (D:9)
  A water moccasin (D:10)
  12 orc warriors
  5 ice beasts
  A phantom (D:11)
  2 eyes of draining
  7 sky beasts
  5 necrophages
  A black bear (D:11)
  7 ogres
  4 centaurs
  7 bullfrogs
  2 big kobolds
  A gnoll sergeant (D:10)
  2 scorpions
  6 killer bees
  17 wights
  4 howler monkeys
  3 electric eels (D:11)
  2 centaur zombies
  11 crimson imps
  2 bullfrog zombies
  9 hounds
  A jelly (D:6)
  23 orc wizards
  3 quasits
  18 orc priests
  Crazy Yiuf (D:6)
  2 bullfrog skeletons (D:7)
  3 centaur skeletons
  5 iguanas
  10 worker ants
  2 killer bee zombies (D:9)
  2 hound zombies
  2 hound skeletons
  A mummy (D:9)
  3 worker ant zombies
  13 gnolls
  10 adders
  3 shadow imps
  3 oozes
  3 adder zombies
  2 adder skeletons
  3 worms
  2 dart slugs
  5 leopard geckos
  84 orcs
  2 ball pythons
  6 giant cockroaches
  2 goblins
  9 hobgoblins
  6 jackals
  6 quokkas
  4 bats
  4 frilled lizards
  2 jackal skeletons
  15 kobolds
  A leopard gecko zombie (D:8)
  A quokka skeleton (D:4)
  2 quokka zombies
  10 rats
419 creatures vanquished.

Vanquished Creatures (collateral kills)
  An ugly thing (D:11)
  A water elemental (D:11)
  2 wolves (D:11)
  A hound (D:11)
  A worker ant (D:7)
  2 orcs (Orc:2)
8 creatures vanquished.

Vanquished Creatures (others)
  An iguana (D:11)
  An adder (D:11)
  An orc (D:11)
  A kobold (D:11)
4 creatures vanquished.

Grand Total: 431 creatures vanquished

Table legend:
 A = Turns spent in this place as a percentage of turns spent in the entire game.
 B = Non-inter-level travel turns spent in this place as a percentage of non-inter-level travel turns spent in the entire game.
 C = Inter-level travel turns spent in this place as a percentage of turns spent in this place.
 D = Turns resting spent in this place as a percentage of non-inter-level travel turns spent in this place.
 E = Turns spent auto-exploring this place as a percentage of non-inter-level travel turns spent in this place.
 F = Non-inter-level travel turns spent in this place divided by the number of levels of this place that you've seen.
                   A       B       C       D       E      F
               +-------+-------+-------+-------+-------+----------------------
         Total | 100.0 | 100.0 |   4.2 |  56.1 |  27.9 | 1605.1
       Dungeon |  95.0 |  95.2 |   4.1 |  56.6 |  27.5 | 1909.1
        Temple |   0.1 |   0.0 |  77.8 |   0.0 |  25.0 |   4.0
  Orcish Mines |   4.9 |   4.8 |   6.5 |  46.0 |  34.5 | 581.5
               +-------+-------+-------+-------+-------+----------------------
